 Dungeon Crawl Stone Soup version 0.25.0-26-g0c896c7088 (webtiles) character file.

Game seed: 7153699142129814266

1489 Gatuga the Shield-Bearer (level 8, -9/105 HPs)
             Began as a Minotaur Fighter on July 3, 2020.
             Was an Initiate of the Shining One.
             Killed from afar by a wyvern (23 damage)
             ... with an exploding inner flame
             ... hexed by the player character
             ... on level 5 of the Dungeon.
             The game lasted 00:30:00 (4638 turns).

Gatuga the Shield-Bearer (Minotaur Fighter)         Turns: 4638, Time: 00:30:03

Health: -9/105     AC: 24    Str: 24    XL:     8   Next: 51%
Magic:  7/7        EV:  2    Int:  7    God:    the Shining One [......]
Gold:   302        SH: 11    Dex:  9    Spells: 7/7 levels left

rFire    . . .     SeeInvis .   a - +1 long sword
rCold    . . .     Gourm    .   c - +0 kite shield
rNeg     + + +     Faith    +   (armour currently unavailable)
rPois    +         Spirit   .   (helmet currently unavailable)
rElec    .         Reflect  .   (cloak currently unavailable)
rCorr    .         Harm     .   (gloves currently unavailable)
MR       +....     NoTele   +   (boots currently unavailable)
Stlth    +.........             e - amulet of faith
HPRegen  0.27/turn              r - ring of protection from magic
MPRegen  0.10/turn              (no ring)

@: tree-form, glowing
A: (retaliatory headbutt), clever 1
a: Renounce Religion


You were on level 5 of the Dungeon.
You worshipped the Shining One.
The Shining One was noncommittal.
You were hungry.
You were a tree.
You visited 2 branches of the dungeon, and saw 7 of its levels.

You collected 302 gold pieces.

Inventory:

Hand Weapons
 a - a +1 long sword (weapon)
 m - a +0 short sword of freezing
 x - a +0 falchion
Missiles
 l - 11 javelins
 q - 5 silver javelins (quivered)
Armour
 c - a +0 kite shield (worn)
 w - a +1 chain mail (melded)
Jewellery
 e - an amulet of faith (around neck)
 h - an uncursed ring of fire
 j - an uncursed ring of magical power {unknown}
 r - a ring of protection from magic (left branch)
 v - an uncursed ring of resist corrosion
Wands
 p - a wand of iceblast (7)
Scrolls
 k - 4 scrolls of teleportation
 n - 3 scrolls of remove curse
 o - 2 scrolls of identify
Potions
 d - 2 potions of might
 g - 2 potions of haste
 i - 2 potions of stabbing
 s - a potion of degeneration
 u - a potion of flight
Comestibles
 f - 11 rations
 z - a chunk of flesh


   Skills:
 + Level 5.8 Fighting
 + Level 5.2(6.2) Short Blades
 + Level 5.7(6.8) Long Blades
 + Level 6.6 Armour
 + Level 1.7 Dodging
 + Level 0.3 Stealth
 + Level 7.4 Shields


You had 7 spell levels left.
You didn't know any spells.
Your spell library was empty.

Dungeon Overview and Level Annotations

Branches:
Dungeon (6/15)             Temple (1/1) D:4

Altars:
Ashenzari
Cheibriados
Gozag
Hepliaklqana
Makhleb
Okawaru
Qazlal
Ru
Trog
Uskayaw
Vehumet
Wu Jian
Xom
Zin
The Shining One

Annotations:
D:3 3 runed translucent doors, Cunning1Sparkmage's ghost, amateur MfAE


Innate Abilities, Weirdness & Mutations

((You reflexively headbutt those who attack you in melee.))
((You have a pair of horns on your head.))
((You have sharp toenails.))
Your mind is acute. (Int +2)


Message History

The wyvern is moderately wounded.
You block the wyvern's attack.
The wyvern bites you but does no damage.
You barely miss the wyvern.
The wyvern is moderately wounded.
The wyvern barely misses you.
The wyvern bites you but does no damage.
You hit the wyvern.
Flame seeps out of the wyvern.
The wyvern is moderately wounded.
The wyvern is engulfed in blazing flames.
Flame seeps out of the wyvern.
The wyvern bites you but does no damage.
You hit the wyvern.
Flame seeps out of the wyvern.
The wyvern is severely wounded.
The wyvern is engulfed in blazing flames.
The wyvern explodes!
The fiery explosion engulfs the ogre!!!
The ogre explodes!
The fiery explosion engulfs you!!
You die...

#.# #.# ####.#####
###....%%.%# #.##.#.....#
#.##.#.....##############
#.##<#..§§...............
#.##.#.#○#.#.#####.######
#####.##.#.#♣#.#.# #........
#..............#.# #..#####.
#.###.####.#.###.# #..#####.
#............###.####........
#.###.####...................
####...).#
##.######.#...#.##..
#....###.# #.# #.#.....##..
####.# #p# #.# #.#..#######
#.# #.## #.######.#..#


There were no monsters in sight!

Vanquished Creatures
  Pikel (D:5)
  Eustachio (D:5)
  2 slaves
  A phantom (D:4)
  2 ogres
  A centaur (D:6)
  2 scorpions
  3 hounds
  A quasit (D:5)
  An orc wizard (D:5)
  An orc priest (D:4)
  An iguana (D:3)
  2 worker ants (D:4)
  A hound skeleton (D:4)
  2 worker ant zombies
  3 gnolls (D:5)
  3 adders
  2 shadow imps (D:5)
  2 adder skeletons (D:4)
  5 worms
  A dart slug (D:2)
  5 leopard geckos
  14 orcs
  5 bats (D:1)
  4 giant cockroaches
  5 goblins
  4 hobgoblins (D:3)
  2 jackals (D:3)
  6 kobolds
  2 quokkas
  A ball python (D:3)
  2 frilled lizards
  A quokka zombie (D:6)
  7 rats
96 creatures vanquished.

Notes
Turn   | Place    | Note
-------+----------+-------------------------------------------
     0 | D:1      | Gatuga the Minotaur Fighter began the quest for the Orb.
     0 | D:1      | Reached XP level 1. HP: 19/19 MP: 0/0
   258 | D:1      | Reached XP level 2. HP: 22/27 MP: 1/1
   328 | D:1      | Reached skill level 4 in Shields
   917 | D:2      | Reached XP level 3. HP: 33/33 MP: 2/2
  1208 | D:2      | Reached XP level 4. HP: 40/40 MP: 3/3
  1652 | D:3      | Found a runed translucent gate.
  1652 | D:3      | Found a runed translucent gate.
  1652 | D:3      | Found a runed translucent gate.
  1652 | D:3      | Noticed Cunning1Sparkmage's ghost (amateur MfAE)
  1653 | D:3      | Identified the +8 whip of Guilt {elec, rC++}
  1653 | D:3      | Noticed a big kobold
  1743 | D:3      | Found a burning altar of Makhleb.
  1860 | D:3      | Found a faded altar of an unknown god.
  2010 | D:3      | Reached XP level 5. HP: 46/46 MP: 4/4
  2538 | D:4      | Reached skill level 5 in Armour
  2554 | D:4      | Gained mutation: Your mind is acute. (Int +2) [potion of
                  | mutation]
  2554 | D:4      | Gained mutation: You have sharp toenails. [potion of
                  | mutation]
  2584 | D:4      | Reached skill level 5 in Long Blades
  2636 | D:4      | Noticed an ogre
  2642 | D:4      | Killed an ogre
  2642 | D:4      | Reached skill level 1 in Short Blades
  2642 | D:4      | Reached XP level 6. HP: 42/53 MP: 5/5
  2833 | D:4      | Found a staircase to the Ecumenical Temple.
  2838 | Temple   | Entered the Ecumenical Temple
  3013 | D:4      | Reached skill level 5 in Shields
  3157 | D:4      | Reached skill level 1 in Dodging
  3366 | D:4      | Reached XP level 7. HP: 23/60 MP: 6/6
  3576 | D:5      | Entered Level 5 of the Dungeon
  3576 | D:5      | Noticed Pikel
  4180 | D:5      | Killed Pikel
  4180 | D:5      | Reached skill level 5 in Fighting
  4180 | D:5      | Reached skill level 6 in Shields
  4180 | D:5      | Reached XP level 8. HP: 57/69 MP: 7/7
  4237 | D:5      | Noticed Eustachio
  4248 | D:5      | Killed Eustachio
  4282 | D:5      | Reached skill level 7 in Shields
  4471 | D:5      | Found a glowing golden altar of the Shining One.
  4478 | D:5      | Became a worshipper of the Shining One
  4557 | D:5      | Found a hide-covered altar of Uskayaw.
  4559 | D:5      | Found an iron altar of Okawaru.
  4594 | D:6      | Found a hazy altar of Hepliaklqana.
  4611 | D:6      | Reached skill level 5 in Short Blades
  4638 | D:5      | Killed from afar by a wyvern

Illustrated notes

Levels and vault maps discovered:
D:1:      tarquinn_simple_flora_water_a, layout_basic
D:2:      layout_loops_ring
D:3:      layout_basic, lemuel_coloured_pillars_altar,
          gammafunk_ghost_nasty_kobolds, chequers_ecumenical_altar_island,
          kennysheep_generic_room_3
D:4:      layout_cave_pools, temple_doors_e, minmay_between
D:5:      layout_basic, tso_altar, minitemple, first_ration, uniq_pikel,
          uniq_eustachio
D:6:      layout_rooms, kennysheep_little_box, overflow_temple_1_default,
          grunt_temple_overflow_open, dk_rats_in_the_wall
Temple:   eino_wide_crystal_templ

Skill      XL: |  1  2  3  4  5  6  7  8 |
---------------+-------------------------+-----
Shields        | 4 5 6 7 |  7.4
Armour         | 4 5 6 |  6.6
Fighting       | 4 5 |  5.8
Long Blades    | 3 4 5 |  5.7
Short Blades   | 1 3 4 5 |  5.2
Dodging        | 1 |  1.7
Stealth        | |  0.3

Action                   |  1- 3 |  4- 6 |  7- 9 || total
-------------------------+-------+-------+-------++-------
Melee: Long sword        |    63 |    82 |    18 ||   163
       Headbutt          |    16 |    21 |    18 ||    55
       Short sword       |       |    89 |    95 ||   184
       Kick              |       |    20 |    30 ||    50
  Use: Potion            |       |     9 |     1 ||    10
       Scroll            |       |     5 |     1 ||     6
  Eat: Chunk             |     1 |     7 |       ||     8
       Ration            |       |       |     1 ||     1
Armor: Scale mail        |    28 |     3 |       ||    31
       Chain mail        |       |    74 |    60 ||   134
       Skin              |       |       |     5 ||     5
Dodge: Dodged            |    22 |    37 |    29 ||    88
Block: Kite shield       |    20 |    81 |    66 ||   167
       Rpst.: Long sword |     8 |     6 |     3 ||    17
